 Dungeon Crawl Stone Soup version 0.31-a0-656-gb4d89c20fa (webtiles) character file.

Game seed: 4462117341561008950

862 SmokeWeed the Slasher (level 7, -2/53 HPs)
             Began as a Demonspawn Gladiator on Aug 31, 2023.
             Succumbed to a gnoll's poison
             ... on level 6 of the Dungeon.
             The game lasted 00:13:04 (4372 turns).

SmokeWeed the Slasher (Demonspawn Gladiator)        Turns: 4372, Time: 00:13:04

Health: -2/53      AC: 19    Str: 16    XL:     7   Next: 72%
Magic:  7/7        EV: 19    Int: 10    God:
Gold:   234        SH:  8    Dex: 14    Spells: 6/6 levels left

rFire   + . .        s - +0 scimitar (flame)
rCold   . . .        w - +0 kite shield
rNeg    + . .        z - +2 plate armour {rF+}
rPois   .            c - +0 helmet
rElec   .            a - +0 cloak
rCorr   .            v - +2 pair of gloves
SInv    .            (no boots)
Will    .....        k - amulet of the acrobat Stlth
                     l - ring of positive energy
HPRegen 0.28/turn    (no ring)
MPRegen 0.10/turn

%: acrobat
@: lethally poisoned (-2 -> -21), acrobatic
A: claws 2, sharp scales 1, demonic magic 2
a: no special abilities


You were on level 6 of the Dungeon.
You visited 1 branch of the dungeon, and saw 6 of its levels.

You collected 234 gold pieces.

Inventory:

Hand Weapons
 j - a +5 trident
 s - a +0 scimitar of flaming (weapon)
Missiles
 d - a throwing net
 e - 3 javelins (quivered)
 n - 21 stones
 o - 2 poisoned darts
 x - 5 boomerangs
Armour
 a - a +0 cloak (worn)
 b - a +0 chain mail
 c - a +0 helmet (worn)
 q - the +1 robe "Pierryq" {Regen+}
   (You found it on level 3 of the Dungeon)

   Regen+:    It increases your rate of health regeneration.
 v - a +2 pair of gloves (worn)
 w - a +0 kite shield (worn)
 z - a +2 plate armour of fire resistance (worn)
Jewellery
 k - an amulet of the acrobat (around neck)
 l - a ring of positive energy (left hand)
Talismans
 i - a beast talisman
 m - a serpent talisman
Scrolls
 h - 3 scrolls of identify
Potions
 g - 2 potions of curing
 p - a potion of magic
 r - a potion of berserk rage {unknown}
 t - a potion of haste


   Skills:
 * Level 3.7 Fighting
 + Level 5.7 Long Blades
 + Level 2.2 Throwing
 * Level 3.3 Armour
 + Level 3.9 Dodging
 + Level 0.1 Stealth
 * Level 2.1 Shields


You had 6 spell levels left.
You didn't know any spells.
Your spell library contained the following spells:

 Spells                   Type           Power      Damage    Failure   Level
 Poisonous Vapours        Pois/Air       0%         N/A       100%        2
 Frozen Ramparts          Ice            0%         1d1       100%        3
 Mephitic Cloud           Conj/Pois/Air  0%         N/A       100%        3
 Portal Projectile        Hex/Tloc       0%         N/A       100%        3
 Tukima's Dance           Hex            0%         N/A       100%        3
 Iskenderun's Mystic Bla  Conj/Tloc      0%         2d3       100%        4
 Petrify                  Tmut/Erth      0%         N/A       100%        4
 Freezing Cloud           Conj/Ice/Air   0%         6-21      100%        5
 Metabolic Englaciation   Hex/Ice        0%         N/A       100%        5


Dungeon Overview and Level Annotations

Branches:
Dungeon (6/15)
 Temple: D:4-7

Altars:
Ashenzari
Fedhas
Nemelex Xobeh

Annotations:
D:5 2 transporters, Selrock's ghost, novice GrGl


Innate Abilities, Weirdness & Mutations

You have very sharp fingernails.
You are partially covered in razor-sharp scales. (AC +1, Slay +1)
Spells you cast may paralyse nearby enemies.


Message History

You slash the gnoll! You burn the gnoll.
The gnoll is severely wounded.
The gnoll hits you but does no damage.
You are poisoned.
You barely miss the gnoll.
The gnoll is severely wounded.
You feel very sick. The gnoll hits you but does no damage.
You are more poisoned.
The ice beast hits you. The ice beast freezes you.
The gnoll sergeant hits you from afar with a +0 trident.
You feel very sick.
The ice beast attacks as it pursues you!
You block the ice beast's attack.
The gnoll sergeant attacks as it pursues you!
The gnoll sergeant closely misses you.
Found a fizzy golden potion.
You feel sick.
The ice beast attacks as it pursues you!
You block the ice beast's attack.
The gnoll sergeant attacks as it pursues you!
The gnoll sergeant closely misses you.
You hit the gnoll. You burn the gnoll.
The gnoll is almost dead.
You feel sick. The gnoll hits you but does no damage.
You are more poisoned.
You block the ice beast's attack.
The gnoll sergeant hits you from afar with a +0 trident!
As you read the scroll of fog, it dissolves into smoke.
You feel very sick. The gnoll barely misses you.
You block the ice beast's attack. You block the gnoll sergeant's attack.
You feel very sick.
A shadow imp comes into view.
You feel sick. The gnoll attacks as it pursues you!
The gnoll hits you with a +2 whip of venom!
* * * LOW HITPOINT WARNING * * *
You are more poisoned.
* * * LOW HITPOINT WARNING * * *
You feel very sick.
You die...

##..###.... ##.#...###..#...
.##. #.......#..###.. .....
#............... ......
####..##...#.... ....###
##.###..##.... #..5...#
#..##.........##......##
##......................
##.........§§@..§§...!.
##........§.§§§§§...#
######....#..§§g§§§§...#
##...##....###§§§Y§§§.#
#....#..[...##§§##§## .
###..#......#....#g§####....
#..........#....§§§g....?.(
##.............#...g...##..
##.........................


You could see a gnoll and a shadow imp.

Vanquished Creatures
  A water moccasin (D:5)
  An ogre (D:5)
  A phantom (D:4)
  2 scorpions (D:5)
  A howler monkey (D:3)
  4 hounds (D:5)
  A jelly (D:5)
  Jessica (D:3)
  Natasha (thrice) (D:3)
  An iguana (D:5)
  3 gnolls (D:5)
  5 adders
  A worm (D:3)
  4 dart slugs
  7 orcs
  4 ball pythons
  4 endoplasms
  2 giant cockroaches
  6 goblins
  9 hobgoblins
  10 jackals
  9 kobolds
  3 quokkas
  6 bats
  3 frilled lizards
  5 rats
97 creatures vanquished.

Notes
Turn   | Place    | Note
-------+----------+-------------------------------------------
     0 | D:1      | SmokeWeed the Demonspawn Gladiator began the quest for the
                  | Orb.
     0 | D:1      | Reached XP level 1. HP: 16/16 MP: 1/1
    73 | D:1      | Gained mutation: You have sharp fingernails. [demonic
                  | ancestry]
    73 | D:1      | Reached XP level 2. HP: 22/22 MP: 2/2
   118 | D:1      | Reached skill level 3 in Long Blades
   297 | D:1      | Gained mutation: Spells you cast may paralyse adjacent
                  | enemies. [demonic ancestry]
   297 | D:1      | Reached XP level 3. HP: 14/27 MP: 3/3
  1325 | D:2      | Reached skill level 1 in Armour
  1325 | D:2      | Gained mutation: Spells you cast may paralyse nearby
                  | enemies. [demonic ancestry]
  1325 | D:2      | Reached XP level 4. HP: 33/33 MP: 4/4
  1529 | D:3      | Noticed Jessica
  1539 | D:3      | Killed Jessica
  1574 | D:3      | Noticed Natasha
  1581 | D:3      | Killed Natasha
  1582 | D:3      | Reached skill level 4 in Long Blades
  1582 | D:3      | Gained mutation: You have very sharp fingernails. [demonic
                  | ancestry]
  1582 | D:3      | Reached XP level 5. HP: 23/39 MP: 5/5
  1708 | D:3      | Noticed Natasha
  1715 | D:3      | Killed Natasha
  1864 | D:3      | Identified the +1 robe "Pierryq" {Regen+}
  2104 | D:3      | Noticed Natasha
  2115 | D:3      | Killed Natasha
  2260 | D:3      | Found a sparkling altar of Nemelex Xobeh.
  2470 | D:3      | Reached XP level 6. HP: 40/46 MP: 6/6
  3348 | D:5      | Entered Level 5 of the Dungeon
  3419 | D:5      | Reached skill level 5 in Long Blades
  3526 | D:5      | Found a broken altar of Ashenzari.
  3617 | D:5      | Gained mutation: You are partially covered in razor-sharp
                  | scales. (AC +1, Slay +1) [demonic ancestry]
  3617 | D:5      | Reached XP level 7. HP: 51/52 MP: 7/7
  3718 | D:5      | Reached skill level 1 in Shields
  3886 | D:5      | Noticed Selrock's ghost (novice GrGl)
  3898 | D:5      | Found a transporter.
  3903 | D:5      | Found a transporter.
  3926 | D:5      | Found a blossoming altar of Fedhas.
  4371 | D:6      | HP: 2/53 [poisoned by a gnoll]
  4372 | D:6      | Succumbed to a gnoll's poison

Illustrated notes

Levels and vault maps discovered:
D:1:      orjb1_clovarrival, layout_basic
D:2:      layout_rooms, basic_altar, kennysheep_generic_room_12
D:3:      corexii_shack_village, layout_basic, nemelex_spade_bored_becter,
          corexii_item_surrounded_by_moat, uniq_jessica, uniq_natasha
D:4:      layout_basic, grunt_ministairs_13
D:5:      layout_loops_cross, fedhas_altar_1, mainiacjoe_overflow_alcove_1,
          gammafunk_ghost_hive
D:6:      layout_cave_pools, lemuel_round_altar, nicolae_overflow_hidden_temple,
          grunt_gozag_statues, hellmonk_guarded_unrand_lears

Skill      XL: |  1  2  3  4  5  6  7 |
---------------+----------------------+-----
Dodging        | 3 |  3.9
Long Blades    | 3 4 5 |  5.7
Armour         | 1 2 3 |  3.3
Throwing       | 2 |  2.2
Fighting       | 3 |  3.7
Shields        | 2 |  2.1
Stealth        | |  0.1

Action                     |  1- 3 |  4- 6 |  7- 9 || total
---------------------------+-------+-------+-------++-------
  Melee: Long sword        |   118 |    60 |       ||   178
         Scimitar          |       |    98 |    48 ||   146
  Throw: Throwing net      |       |     3 |     1 ||     4
         Boomerang         |       |     4 |    11 ||    15
         Javelin           |       |       |     1 ||     1
    Use: Scroll            |       |    11 |     3 ||    14
 Armour: Leather armour    |    33 |       |       ||    33
         Ring mail         |    13 |    34 |       ||    47
         Scale mail        |       |    14 |       ||    14
         Plate armour      |       |    21 |    38 ||    59
  Dodge: Dodged            |   103 |    76 |    13 ||   192
  Block: Kite shield       |       |    20 |    25 ||    45

Table legend: (Time is in decaauts)
 A = Elapsed time spent in this place.
 B = Non-inter-level travel time spent in this place.
 C = Inter-level travel time spent in this place.
 D = Time resting spent in this place.
 E = Time spent auto-exploring this place.
 F = Levels seen in this place.
 G = Mean time per level.
                   A        B        C        D        E       F      G
               +--------+--------+--------+--------+--------+-----+--------+
         Total |   4480 |   4282 |    198 |    314 |   2971 |   6 |  746.7 |
       Dungeon |   4480 |   4282 |    198 |    314 |   2971 |   6 |  746.7 |
               +--------+--------+--------+--------+--------+-----+--------+

Top non-repeatable levels by time:
     D:3: 1113 daAuts
     D:1: 996 daAuts
     D:5: 987 daAuts
     D:4: 739 daAuts
     D:2: 573 daAuts
     D:6: 71 daAuts
